Oilers vs Islanders

Created - 13 janvier 2022 at 17:12

Goals
1 2 3 OT1 T
Oilers 0 0 2 1 3
Islanders 1 0 1 0 2
Shots
1 2 3 OT1 T
Oilers 8 11 15 4 38
Islanders 7 15 6 5 33

GoalsPenalties
1st period
1. Islanders , Lawson Crouse 10 (Jesse Puljujarvi 10, Noah Dobson 13) at 13:08
Lawson Crouse (NYI) for Hooking (Minor) at 2:06
Robby Fabbri (EDM) for Hooking (Minor) at 14:41
2nd period
No Goal
Mark Giordano (EDM) for Interference (Minor) at 3:39
Mark Giordano (EDM) for Hooking (Minor) at 8:50
Noah Dobson (NYI) for Hooking (Minor) at 11:21
Christian Dvorak (EDM) for Goalie Interference (Minor) at 11:21
J.T. Miller (NYI) for Holding (Minor) at 19:59
3rd period
2. Oilers , Christian Dvorak 8 (Brian Dumoulin 14, Mike Reilly 14) at 2:58
3. Oilers , Ryan Pulock 10 (Robby Fabbri 6, Mark Giordano 29) at 6:23
4. Islanders , Lawson Crouse 11 (Rasmus Ristolainen 20) at 9:19
Lawson Crouse (NYI) for Holding (Minor) at 11:43
Rasmus Dahlin (NYI) for Holding (Minor) at 14:50
Overtime #1
5. Oilers , Kevin Hayes 8 (Mark Giordano 30, Joe Pavelski 15) at 2:13
No Penalty
Goalie Stats
Connor Hellebuyck (EDM), 31 saves from 33 shots - (0,939), W, 19-8-4, 62:14 minutes
Matt Murray (NYI), 35 saves from 38 shots - (0,921), OTL, 3-5-1, 62:14 minutes
3 StarsOfficial
1 - Lawson Crouse (NYI)
2 - Ryan Pulock (EDM)
3 - Connor Hellebuyck (EDM)
Referees : Tom Chmielewski and Chris Rooney
Linesman : Brian Mach and Lonnie Cameron
Game Note
No Game Note



Team Name Goals Shots Shots Attemp Shots Blocked PIM HIT PP PK FO%
Oilers 3387998140 / 4 (0%)041%
Islanders 23366810250 / 3 (0%)059%

Oilers
Player Name POS G A P +/- PIM HIT SHT SB MP PP MP PP SHT PK MP PK SHT FO% FOT
Alex IafalloC/LW000-1023016:300:0002:4600% 0
Brian DumoulinD011-1021216:450:0003:1100% 0
Casey CizikasC000-100008:220:0003:11055% 11
Christian DvorakC/LW1012205010:420:0000:00043% 14
Devin ShoreC/LW000-100005:310:2000:0000% 1
Joe PavelskiC/RW0110015018:503:2110:00030% 27
John TavaresC0000004021:134:1510:00050% 30
Jordan EberleRW0000001019:054:3500:0000% 0
Justin FaulkD0000040323:504:0302:3800% 0
Keith YandleD0000000320:434:0300:0000% 0
Kevin HayesC/RW1010014018:503:2110:00050% 2
Logan CoutureC/LW0000014023:594:1512:46033% 6
Mark GiordanoD0222413123:453:5301:0600% 0
Mike ReillyD011-1010013:250:0001:3300% 0
Robby FabbriC/LW/RW0112203010:420:0000:0000% 1
Ryan PulockD1011002023:443:5313:2600% 0
Tomas TatarLW/RW0002012014:243:4100:00050% 2
Tyler MotteC/LW/RW000-100108:220:0003:1100% 0
Islanders
Player Name POS G A P +/- PIM HIT SHT SB MP PP MP PP SHT PK MP PK SHT FO% FOT
Alex TuchLW/RW000-2004021:573:0403:40157% 7
Alexandre TexierC/LW/RW0000000010:100:0000:0000% 1
Charlie CoyleC/RW0002003016:172:5310:00080% 15
Duncan KeithD0001011113:410:0000:0000% 0
Dylan StromeC/LW/RW0000003010:100:0000:00036% 11
J.T. MillerC/LW/RW000-3247023:513:0423:0400% 0
Jesse PuljujarviRW0112012020:482:5303:40067% 3
Johan LarssonC000000006:120:0000:00057% 7
John KlingbergD0000020122:022:2404:3500% 0
Lawson CrouseLW/RW2022423016:152:5300:0000% 0
Mark ScheifeleC000-3005025:043:0414:16160% 47
Milan LucicLW000000006:120:0000:0000% 1
Nicolas Aube-KubelRW000001106:120:0000:0000% 0
Noah DobsonD0111200114:110:0000:3100% 0
Rasmus DahlinD000-1220223:573:3302:5000% 0
Rasmus RistolainenD011-2041227:103:3314:1200% 0
Sammy BlaisLW/RW0000072011:220:0001:12050% 2
Travis SanheimD0000011121:112:2413:4400% 0

Oilers

5 vs 5 Forward
Line #Left WingCenterRight WingPHYDFOFWanted %Time %Time Play
1Alex IafalloJoe PavelskiKevin Hayes0323231%13:44
2Logan CoutureJohn TavaresJordan Eberle0323033%14:30
3Tomas TatarChristian DvorakRobby Fabbri1312524%10:43
4Devin ShoreCasey CizikasTyler Motte1311312%5:11
5 vs 5 Defense
Line #DefenseDefensePHYDFOFWanted %Time %Time Play
1Mark GiordanoRyan Pulock0323835%15:36
2Keith YandleJustin Faulk0323838%16:40
3Brian DumoulinMike Reilly0322427%11:52
4Keith YandleJustin Faulk13100%0:00
Power Play Forward
Line #Left WingCenterRight WingPHYDFOFWanted %Time %Time Play
1Logan CoutureJohn TavaresJordan Eberle0325054%4:15
2Tomas TatarJoe PavelskiKevin Hayes0325046%3:41
Power Play Defense
Line #DefenseDefensePHYDFOFWanted %Time %Time Play
1Mark GiordanoRyan Pulock0325049%3:53
2Keith YandleJustin Faulk0325051%4:03
Penalty Kill 4 Players Forward
Line #CenterWingPHYDFOFWanted %Time %Time Play
1Casey CizikasTyler Motte1225054%3:11
2Logan CoutureAlex Iafallo0325046%2:46
Penalty Kill 4 Players Defense
Line #DefenseDefensePHYDFOFWanted %Time %Time Play
1Mark GiordanoBrian Dumoulin1225080%4:44
2Ryan PulockJustin Faulk0325020%1:13
Penalty Kill 3 Players
Line #WingPHYDFOFWanted %Time %Time PlayDefenseDefensePHYDFOFWanted %Time %Time Play
1Casey Cizikas122500%0:00 Mark GiordanoBrian Dumoulin122500%0:00
2Logan Couture122500%0:00 Justin FaulkRyan Pulock122500%0:00
4 vs 4 Forward
Line #CenterWingPHYDFOFWanted %Time %Time Play
1John TavaresLogan Couture1225045%0:53
2Joe PavelskiKevin Hayes1225055%1:06
4 vs 4 Defense
Line #DefensePHYDFOFWanted %Time %Time Play
1Mark GiordanoJustin Faulk1225014%50% - 0:17
2Ryan PulockBrian Dumoulin1225086%50% - 1:42
Last Minutes Offensive
Left WingCenterRight WingDefenseDefense
Logan CoutureJohn TavaresTomas TatarMark GiordanoJustin Faulk
Last Minutes Defensive
Left WingCenterRight WingDefenseDefense
Logan CoutureCasey CizikasTyler MotteMark GiordanoBrian Dumoulin
Time
Total ForwardTotal DefenseLast Minutes OffensiveLast Minutes Defensive
60:00 60:00 0:000:00
Extra Forwards
Normal PowerPlayPenalty Kill
John Tavares, Tomas Tatar, Tyler MotteKevin Hayes, Tomas TatarTyler Motte
Extra Defensemen
Normal PowerPlayPenalty Kill
Mark Giordano, Ryan Pulock, Brian DumoulinMark Giordano, Ryan PulockBrian Dumoulin
Penalty Shots
Tomas Tatar, John Tavares, Jordan Eberle, Logan Couture, Robby Fabbri
Goalie
Connor Hellebuyck, Craig Anderson
Custom OT Lines Forwards
Logan Couture, John Tavares, Kevin Hayes, Joe Pavelski, Christian Dvorak, Alex Iafallo, Tomas Tatar, Tyler Motte, Robby Fabbri, Jordan Eberle
Custom OT Lines Defensemen
Mark Giordano, Justin Faulk, Ryan Pulock, Brian Dumoulin, Mike Reilly
Scratches
Vinnie Hinostroza (Healthy), Kevin Labanc (Healthy), Anton Stralman (Healthy)

Islanders

5 vs 5 Forward
Line #Left WingCenterRight WingPHYDFOFWanted %Time %Time Play
1J.T. MillerMark ScheifeleAlex Tuch1133333%14:22
2Lawson CrouseCharlie CoyleJesse Puljujarvi1222930%13:24
3Alexandre TexierDylan StromeSammy Blais1222323%10:10
4Milan LucicJohan LarssonNicolas Aube-Kubel3111514%6:12
5 vs 5 Defense
Line #DefenseDefensePHYDFOFWanted %Time %Time Play
1Rasmus RistolainenRasmus Dahlin1223330%13:03
2John KlingbergTravis Sanheim1223231%13:43
3Noah DobsonDuncan Keith1222031%13:41
4Rasmus RistolainenRasmus Dahlin122158%3:41
Power Play Forward
Line #Left WingCenterRight WingPHYDFOFWanted %Time %Time Play
1J.T. MillerMark ScheifeleAlex Tuch1225552%3:04
2Lawson CrouseCharlie CoyleJesse Puljujarvi1224548%2:53
Power Play Defense
Line #DefenseDefensePHYDFOFWanted %Time %Time Play
1Rasmus RistolainenRasmus Dahlin1225560%3:33
2John KlingbergTravis Sanheim1224540%2:24
Penalty Kill 4 Players Forward
Line #CenterWingPHYDFOFWanted %Time %Time Play
1Mark ScheifeleJ.T. Miller1225054%4:16
2Alex TuchJesse Puljujarvi1225046%3:40
Penalty Kill 4 Players Defense
Line #DefenseDefensePHYDFOFWanted %Time %Time Play
1Rasmus RistolainenRasmus Dahlin1225053%4:12
2John KlingbergTravis Sanheim1225047%3:44
Penalty Kill 3 Players
Line #WingPHYDFOFWanted %Time %Time PlayDefenseDefensePHYDFOFWanted %Time %Time Play
1Mark Scheifele122500%0:00 Rasmus RistolainenRasmus Dahlin122500%0:00
2J.T. Miller122500%0:00 John KlingbergTravis Sanheim122500%0:00
4 vs 4 Forward
Line #CenterWingPHYDFOFWanted %Time %Time Play
1Mark ScheifeleJ.T. Miller1225067%1:20
2Alex TuchJesse Puljujarvi1225033%0:39
4 vs 4 Defense
Line #DefensePHYDFOFWanted %Time %Time Play
1Rasmus RistolainenRasmus Dahlin1225033%50% - 0:39
2John KlingbergTravis Sanheim1225067%50% - 1:20
Last Minutes Offensive
Left WingCenterRight WingDefenseDefense
J.T. MillerMark ScheifeleAlex TuchRasmus RistolainenRasmus Dahlin
Last Minutes Defensive
Left WingCenterRight WingDefenseDefense
J.T. MillerMark ScheifeleAlex TuchRasmus RistolainenRasmus Dahlin
Time
Total ForwardTotal DefenseLast Minutes OffensiveLast Minutes Defensive
60:00 60:00 0:000:00
Extra Forwards
Normal PowerPlayPenalty Kill
Alexandre Texier, Dylan Strome, Sammy BlaisAlexandre Texier, Dylan StromeSammy Blais
Extra Defensemen
Normal PowerPlayPenalty Kill
Noah Dobson, Rasmus Ristolainen, John KlingbergNoah Dobson, Rasmus DahlinJohn Klingberg
Penalty Shots
Mark Scheifele, J.T. Miller, Alex Tuch, Jesse Puljujarvi, Charlie Coyle
Goalie
Matt Murray, Mikko Koskinen
Custom OT Lines Forwards
Mark Scheifele, J.T. Miller, Alex Tuch, Jesse Puljujarvi, Charlie Coyle, Lawson Crouse, Alexandre Texier, Dylan Strome, Sammy Blais, Milan Lucic
Custom OT Lines Defensemen
Rasmus Ristolainen, Rasmus Dahlin, John Klingberg, Travis Sanheim, Noah Dobson
Scratches
Troy Stecher (Healthy), William Lockwood (Healthy), Sebastian AhoD (Healthy)


Play-by-Play

1st period


0:01 of 1st period - Alex Tuch wins face-off versus Joe Pavelski in neutral zone.
0:27 of 1st period - Shot by Kevin Hayes.
0:27 of 1st period - Stopped by Matt Murray without a rebound.
0:28 of 1st period - Charlie Coyle wins face-off versus John Tavares in Islanders zone.
0:37 of 1st period - Shot by Lawson Crouse.
0:37 of 1st period - Stopped by Connor Hellebuyck without a rebound.
0:38 of 1st period - Christian Dvorak wins face-off versus Dylan Strome in Oilers zone.
1:11 of 1st period - Shot by Dylan Strome.
1:11 of 1st period - Stopped by Connor Hellebuyck with a rebound.
1:32 of 1st period - Brian Dumoulin is hit by John Klingberg and loses puck.
2:06 of 1st period - Minor Penalty to Lawson Crouse for Hooking.
2:07 of 1st period - Mark Scheifele wins face-off versus John Tavares in Islanders zone.
2:15 of 1st period - Icing by Ryan Pulock.
2:16 of 1st period - John Tavares wins face-off versus Alex Tuch in Oilers zone.
2:42 of 1st period - Icing by John Tavares.
2:43 of 1st period - Mark Scheifele wins face-off versus John Tavares in Oilers zone.
3:39 of 1st period - Shot by Justin Faulk.
3:39 of 1st period - Shot Misses the Net.
3:41 of 1st period - Shot by Justin Faulk.
3:41 of 1st period - Shot Blocked by Rasmus Dahlin.
3:47 of 1st period - Shot by Joe Pavelski.
3:47 of 1st period - Stopped by Matt Murray without a rebound.
3:48 of 1st period - Alex Tuch wins face-off versus Joe Pavelski in Islanders zone.
3:48 of 1st period - Alex Tuch is hit by Tomas Tatar.
4:39 of 1st period - Shot by Tyler Motte.
4:39 of 1st period - Shot Misses the Net.
4:54 of 1st period - Off-side.
4:55 of 1st period - Mark Scheifele wins face-off versus John Tavares in neutral zone.
6:22 of 1st period - Shot by Travis Sanheim.
6:22 of 1st period - Shot Blocked by Keith Yandle.
6:24 of 1st period - Shot by Charlie Coyle.
6:24 of 1st period - Stopped by Connor Hellebuyck without a rebound.
6:25 of 1st period - Tomas Tatar wins face-off versus Dylan Strome in Oilers zone.
6:25 of 1st period - Christian Dvorak is hit by Sammy Blais and loses puck.
6:49 of 1st period - Icing by Noah Dobson.
6:50 of 1st period - Dylan Strome wins face-off versus Joe Pavelski in Islanders zone.
6:54 of 1st period - Off-side.
6:55 of 1st period - Joe Pavelski wins face-off versus Mark Scheifele in neutral zone.
7:30 of 1st period - Alex Iafallo is hit by J.T. Miller and loses puck.
7:42 of 1st period - Kevin Hayes is hit by J.T. Miller and loses puck.
8:31 of 1st period - Shot by John Tavares.
8:31 of 1st period - Deflect By Logan Couture.
8:31 of 1st period - Stopped by Matt Murray with a rebound.
8:33 of 1st period - Shot by Ryan Pulock.
8:33 of 1st period - Shot Misses the Net.
8:35 of 1st period - Shot by Logan Couture.
8:35 of 1st period - Stopped by Matt Murray without a rebound.
8:36 of 1st period - Dylan Strome wins face-off versus Christian Dvorak in Islanders zone.
8:56 of 1st period - Shot by Dylan Strome.
8:56 of 1st period - Stopped by Connor Hellebuyck without a rebound.
8:57 of 1st period - Casey Cizikas wins face-off versus Charlie Coyle in Oilers zone.
8:57 of 1st period - Tyler Motte is hit by Lawson Crouse and loses puck.
9:15 of 1st period - John Klingberg is hit by Justin Faulk and loses puck.
9:47 of 1st period - Icing by Tyler Motte.
9:48 of 1st period - Casey Cizikas wins face-off versus Sammy Blais in Oilers zone.
10:40 of 1st period - Shot by Joe Pavelski.
10:40 of 1st period - Stopped by Matt Murray without a rebound.
10:41 of 1st period - Mark Scheifele wins face-off versus Logan Couture in Islanders zone.
10:43 of 1st period - Icing by J.T. Miller.
10:44 of 1st period - John Tavares wins face-off versus Mark Scheifele in Islanders zone.
10:53 of 1st period - Shot by Jordan Eberle.
10:53 of 1st period - Stopped by Matt Murray without a rebound.
10:54 of 1st period - Johan Larsson wins face-off versus Christian Dvorak in Islanders zone.
10:59 of 1st period - Shot by Tomas Tatar.
10:59 of 1st period - Shot Misses the Net.
11:11 of 1st period - Shot by Robby Fabbri.
11:11 of 1st period - Stopped by Matt Murray with a rebound.
11:37 of 1st period - Johan Larsson is hit by Justin Faulk and loses puck.
11:43 of 1st period - Icing by Keith Yandle.
11:44 of 1st period - Mark Scheifele wins face-off versus Christian Dvorak in Oilers zone.
12:30 of 1st period - Icing by Mark Scheifele.
12:31 of 1st period - Mark Scheifele wins face-off versus Kevin Hayes in Islanders zone.
13:08 of 1st period - Shot by Lawson Crouse.
13:08 of 1st period - Goal by Lawson Crouse - Oilers : 0 - Islanders : 1.
13:09 of 1st period - John Tavares wins face-off versus Dylan Strome in neutral zone.
13:22 of 1st period - Shot by Logan Couture.
13:22 of 1st period - Shot Misses the Net.
13:25 of 1st period - Icing by John Klingberg.
13:26 of 1st period - Christian Dvorak wins face-off versus Dylan Strome in Islanders zone.
13:37 of 1st period - Shot by Robby Fabbri.
13:37 of 1st period - Shot Blocked by John Klingberg.
14:13 of 1st period - Christian Dvorak is hit by Sammy Blais and loses puck.
14:41 of 1st period - Minor Penalty to Robby Fabbri for Hooking.
14:42 of 1st period - Casey Cizikas wins face-off versus Mark Scheifele in Oilers zone.
14:57 of 1st period - Shot by Alex Tuch.
14:57 of 1st period - Shot Blocked by Brian Dumoulin.
16:19 of 1st period - Icing by Jesse Puljujarvi.
16:20 of 1st period - Charlie Coyle wins face-off versus Logan Couture in Islanders zone.
16:52 of 1st period - Christian Dvorak is hit by Duncan Keith and loses puck.
17:11 of 1st period - Shot by Robby Fabbri.
17:11 of 1st period - Stopped by Matt Murray without a rebound.
17:12 of 1st period - Casey Cizikas wins face-off versus Dylan Strome in Islanders zone.
18:00 of 1st period - Justin Faulk is hit by Sammy Blais and loses puck.
18:19 of 1st period - Shot by Mark Scheifele.
18:19 of 1st period - Shot Blocked by Justin Faulk.
18:29 of 1st period - Shot by Mark Scheifele.
18:29 of 1st period - Shot Misses the Net.
18:37 of 1st period - Shot by Mark Scheifele.
18:37 of 1st period - Stopped by Connor Hellebuyck without a rebound.
18:38 of 1st period - Charlie Coyle wins face-off versus John Tavares in Oilers zone.
18:52 of 1st period - Logan Couture is hit by Lawson Crouse.
19:48 of 1st period - Shot by Alex Tuch.
19:48 of 1st period - Stopped by Connor Hellebuyck without a rebound.
19:49 of 1st period - Joe Pavelski wins face-off versus Johan Larsson in Oilers zone.
Goals for this period are 0 for Oilers vs 1 for Islanders.
Shots for this period are 8 for Oilers vs 7 for Islanders.

2nd period


0:01 of 2nd period - Mark Scheifele wins face-off versus Joe Pavelski in neutral zone.
0:10 of 2nd period - Shot by Alex Tuch.
0:10 of 2nd period - Shot Misses the Net.
0:12 of 2nd period - Shot by Alex Tuch.
0:12 of 2nd period - Shot Misses the Net.
0:14 of 2nd period - Shot by Alex Tuch.
0:14 of 2nd period - Shot Misses the Net.
0:16 of 2nd period - Shot by J.T. Miller.
0:16 of 2nd period - Shot Misses the Net.
0:24 of 2nd period - Shot by Mark Scheifele.
0:24 of 2nd period - Stopped by Connor Hellebuyck without a rebound.
0:25 of 2nd period - Charlie Coyle wins face-off versus John Tavares in Oilers zone.
1:08 of 2nd period - Shot by Jesse Puljujarvi.
1:08 of 2nd period - Stopped by Connor Hellebuyck without a rebound.
1:09 of 2nd period - Mark Scheifele wins face-off versus Joe Pavelski in Oilers zone.
1:18 of 2nd period - Shot by Alex Iafallo.
1:18 of 2nd period - Shot Misses the Net.
1:20 of 2nd period - Shot by Alex Iafallo.
1:20 of 2nd period - Shot Misses the Net.
1:22 of 2nd period - Shot by Joe Pavelski.
1:22 of 2nd period - Stopped by Matt Murray with a rebound.
1:24 of 2nd period - Shot by Alex Iafallo.
1:24 of 2nd period - Shot Blocked by Rasmus Dahlin.
1:26 of 2nd period - Shot by Mark Giordano.
1:26 of 2nd period - Stopped by Matt Murray without a rebound.
1:27 of 2nd period - Christian Dvorak wins face-off versus Johan Larsson in Islanders zone.
1:30 of 2nd period - Shot by Christian Dvorak.
1:30 of 2nd period - Stopped by Matt Murray without a rebound.
1:31 of 2nd period - Mark Scheifele wins face-off versus Joe Pavelski in Islanders zone.
1:31 of 2nd period - Mark Scheifele is hit by Alex Iafallo.
1:55 of 2nd period - J.T. Miller is hit by Joe Pavelski and loses puck.
2:09 of 2nd period - Mark Giordano is hit by Rasmus Dahlin.
2:55 of 2nd period - Shot by John Klingberg.
2:55 of 2nd period - Shot Misses the Net.
2:57 of 2nd period - Shot by Lawson Crouse.
2:57 of 2nd period - Deflect By Jesse Puljujarvi.
2:57 of 2nd period - Shot Misses the Net.
2:59 of 2nd period - Shot by Jesse Puljujarvi.
2:59 of 2nd period - Stopped by Connor Hellebuyck without a rebound.
3:00 of 2nd period - Johan Larsson wins face-off versus Christian Dvorak in Oilers zone.
3:00 of 2nd period - Milan Lucic is hit by Brian Dumoulin and loses puck.
3:12 of 2nd period - Shot by Robby Fabbri.
3:12 of 2nd period - Shot Misses the Net.
3:14 of 2nd period - Shot by Brian Dumoulin.
3:14 of 2nd period - Shot Misses the Net.
3:20 of 2nd period - Shot by Tomas Tatar.
3:20 of 2nd period - Shot Misses the Net.
3:22 of 2nd period - Shot by Brian Dumoulin.
3:22 of 2nd period - Stopped by Matt Murray without a rebound.
3:23 of 2nd period - Casey Cizikas wins face-off versus Jesse Puljujarvi in Islanders zone.
3:39 of 2nd period - Minor Penalty to Mark Giordano for Interference.
3:40 of 2nd period - Mark Scheifele wins face-off versus Logan Couture in Oilers zone.
3:41 of 2nd period - Shot by J.T. Miller.
3:41 of 2nd period - Shot Hit the Post.
3:53 of 2nd period - Shot by Rasmus Ristolainen.
3:53 of 2nd period - Deflect By J.T. Miller.
3:53 of 2nd period - Stopped by Connor Hellebuyck without a rebound.
3:54 of 2nd period - Charlie Coyle wins face-off versus Logan Couture in Oilers zone.
3:55 of 2nd period - Shot by Travis Sanheim.
3:55 of 2nd period - Stopped by Connor Hellebuyck without a rebound.
3:56 of 2nd period - Casey Cizikas wins face-off versus Mark Scheifele in Oilers zone.
4:37 of 2nd period - Shot by J.T. Miller.
4:37 of 2nd period - Shot Misses the Net.
5:07 of 2nd period - Shot by Charlie Coyle.
5:07 of 2nd period - Shot Misses the Net.
5:15 of 2nd period - Shot by John Klingberg.
5:15 of 2nd period - Shot Misses the Net.
5:20 of 2nd period - Charlie Coyle is hit by Mike Reilly and loses puck.
6:05 of 2nd period - Shot by Joe Pavelski.
6:05 of 2nd period - Deflect By Alex Iafallo.
6:05 of 2nd period - Stopped by Matt Murray without a rebound.
6:06 of 2nd period - John Tavares wins face-off versus Johan Larsson in Islanders zone.
6:09 of 2nd period - Shot by Logan Couture.
6:09 of 2nd period - Shot Misses the Net.
6:22 of 2nd period - Icing by Keith Yandle.
6:23 of 2nd period - John Tavares wins face-off versus Mark Scheifele in Oilers zone.
6:38 of 2nd period - Shot by John Tavares.
6:38 of 2nd period - Stopped by Matt Murray without a rebound.
6:39 of 2nd period - Charlie Coyle wins face-off versus Joe Pavelski in Islanders zone.
6:47 of 2nd period - Joe Pavelski is hit by Rasmus Ristolainen and loses puck.
6:58 of 2nd period - Shot by Lawson Crouse.
6:58 of 2nd period - Shot Misses the Net.
7:20 of 2nd period - Shot by Kevin Hayes.
7:20 of 2nd period - Shot Misses the Net.
7:35 of 2nd period - Mark Scheifele is hit by Brian Dumoulin and loses puck.
8:23 of 2nd period - Shot by Logan Couture.
8:23 of 2nd period - Shot Misses the Net.
8:50 of 2nd period - Minor Penalty to Mark Giordano for Hooking.
8:51 of 2nd period - Jesse Puljujarvi wins face-off versus Casey Cizikas in Oilers zone.
9:02 of 2nd period - Shot by Jesse Puljujarvi.
9:02 of 2nd period - Shot Blocked by Justin Faulk.
9:04 of 2nd period - Shot by Charlie Coyle.
9:04 of 2nd period - Stopped by Connor Hellebuyck without a rebound.
9:05 of 2nd period - Mark Scheifele wins face-off versus Casey Cizikas in Oilers zone.
9:10 of 2nd period - Shot by J.T. Miller.
9:10 of 2nd period - Stopped by Connor Hellebuyck without a rebound.
9:11 of 2nd period - Charlie Coyle wins face-off versus Casey Cizikas in Oilers zone.
9:20 of 2nd period - Shot by Lawson Crouse.
9:20 of 2nd period - Shot Misses the Net.
9:22 of 2nd period - Shot by Rasmus Ristolainen.
9:22 of 2nd period - Stopped by Connor Hellebuyck without a rebound.
9:23 of 2nd period - Logan Couture wins face-off versus Mark Scheifele in Oilers zone.
10:02 of 2nd period - Shot by Alex Tuch.
10:02 of 2nd period - Shot Blocked by Brian Dumoulin.
10:04 of 2nd period - Shot by Mark Scheifele.
10:04 of 2nd period - Stopped by Connor Hellebuyck without a rebound.
10:05 of 2nd period - Logan Couture wins face-off versus Charlie Coyle in Oilers zone.
10:56 of 2nd period - Shot by Alexandre Texier.
10:56 of 2nd period - Shot Misses the Net.
11:10 of 2nd period - Shot by Tomas Tatar.
11:10 of 2nd period - Stopped by Matt Murray with a rebound.
11:21 of 2nd period - Minor Penalty to Noah Dobson for Hooking.
11:21 of 2nd period - Minor Penalty to Christian Dvorak for Goalie Interference.
11:22 of 2nd period - Mark Scheifele wins face-off versus Joe Pavelski in Islanders zone.
11:36 of 2nd period - Shot by Joe Pavelski.
11:36 of 2nd period - Deflect By Kevin Hayes.
11:36 of 2nd period - Shot Blocked by Travis Sanheim.
11:38 of 2nd period - Shot by Mark Giordano.
11:38 of 2nd period - Stopped by Matt Murray without a rebound.
11:39 of 2nd period - John Tavares wins face-off versus Alex Tuch in Islanders zone.
11:57 of 2nd period - Icing by John Tavares.
11:58 of 2nd period - Mark Scheifele wins face-off versus John Tavares in Oilers zone.
12:34 of 2nd period - Icing by Travis Sanheim.
12:35 of 2nd period - Joe Pavelski wins face-off versus Mark Scheifele in Islanders zone.
12:46 of 2nd period - Shot by Joe Pavelski.
12:46 of 2nd period - Shot Misses the Net.
13:07 of 2nd period - Joe Pavelski is hit by Rasmus Ristolainen and loses puck.
13:28 of 2nd period - Icing by Justin Faulk.
13:29 of 2nd period - Johan Larsson wins face-off versus Robby Fabbri in Oilers zone.
13:29 of 2nd period - Noah Dobson is hit by Justin Faulk and loses puck.
13:35 of 2nd period - Johan Larsson is hit by Justin Faulk and loses puck.
13:38 of 2nd period - Shot by Johan Larsson.
13:38 of 2nd period - Shot Misses the Net.
13:58 of 2nd period - Shot by Nicolas Aube-Kubel.
13:58 of 2nd period - Shot Blocked by Justin Faulk.
14:00 of 2nd period - Shot by Nicolas Aube-Kubel.
14:00 of 2nd period - Shot Misses the Net.
15:32 of 2nd period - Mark Scheifele is hit by Alex Iafallo.
15:56 of 2nd period - Icing by Brian Dumoulin.
15:57 of 2nd period - Joe Pavelski wins face-off versus Dylan Strome in Oilers zone.
15:57 of 2nd period - Joe Pavelski is hit by Sammy Blais.
16:09 of 2nd period - Shot by Alex Iafallo.
16:09 of 2nd period - Shot Misses the Net.
16:11 of 2nd period - Shot by Joe Pavelski.
16:11 of 2nd period - Shot Misses the Net.
16:29 of 2nd period - Shot by Sammy Blais.
16:29 of 2nd period - Stopped by Connor Hellebuyck without a rebound.
16:30 of 2nd period - Charlie Coyle wins face-off versus John Tavares in Oilers zone.
16:53 of 2nd period - Logan Couture is hit by Jesse Puljujarvi and loses puck.
17:10 of 2nd period - Shot by Charlie Coyle.
17:10 of 2nd period - Stopped by Connor Hellebuyck without a rebound.
17:11 of 2nd period - Mark Scheifele wins face-off versus Christian Dvorak in Oilers zone.
17:14 of 2nd period - Shot by J.T. Miller.
17:14 of 2nd period - Stopped by Connor Hellebuyck without a rebound.
17:15 of 2nd period - Christian Dvorak wins face-off versus Mark Scheifele in Oilers zone.
17:22 of 2nd period - Shot by Mark Scheifele.
17:22 of 2nd period - Shot Misses the Net.
17:26 of 2nd period - Shot by Alex Tuch.
17:26 of 2nd period - Shot Misses the Net.
17:28 of 2nd period - Shot by J.T. Miller.
17:28 of 2nd period - Stopped by Connor Hellebuyck without a rebound.
17:29 of 2nd period - Joe Pavelski wins face-off versus Alexandre Texier in Oilers zone.
17:31 of 2nd period - Icing by Brian Dumoulin.
17:32 of 2nd period - Mark Scheifele wins face-off versus Joe Pavelski in Oilers zone.
18:01 of 2nd period - Shot by Joe Pavelski.
18:01 of 2nd period - Stopped by Matt Murray without a rebound.
18:02 of 2nd period - John Tavares wins face-off versus Charlie Coyle in Islanders zone.
18:02 of 2nd period - John Tavares is hit by John Klingberg.
18:11 of 2nd period - Logan Couture is hit by Travis Sanheim and loses puck.
18:17 of 2nd period - Jesse Puljujarvi is hit by Mark Giordano and loses puck.
19:07 of 2nd period - Kevin Hayes is hit by J.T. Miller and loses puck.
19:18 of 2nd period - Shot by Joe Pavelski.
19:18 of 2nd period - Stopped by Matt Murray with a rebound.
19:20 of 2nd period - Shot by Joe Pavelski.
19:20 of 2nd period - Deflect By Alex Iafallo.
19:20 of 2nd period - Shot Misses the Net.
19:22 of 2nd period - Shot by Alex Iafallo.
19:22 of 2nd period - Stopped by Matt Murray without a rebound.
19:23 of 2nd period - Dylan Strome wins face-off versus Tomas Tatar in Islanders zone.
19:42 of 2nd period - Shot by Sammy Blais.
19:42 of 2nd period - Stopped by Connor Hellebuyck with a rebound.
19:44 of 2nd period - Shot by Dylan Strome.
19:44 of 2nd period - Stopped by Connor Hellebuyck without a rebound.
19:45 of 2nd period - Kevin Hayes wins face-off versus Mark Scheifele in Oilers zone.
19:59 of 2nd period - Minor Penalty to J.T. Miller for Holding.
Goals for this period are 0 for Oilers vs 0 for Islanders.
Shots for this period are 11 for Oilers vs 15 for Islanders.

3rd period


0:01 of 3rd period - Mark Scheifele wins face-off versus Joe Pavelski in neutral zone.
0:24 of 3rd period - Shot by Mark Scheifele.
0:24 of 3rd period - Shot Blocked by Keith Yandle.
0:29 of 3rd period - Icing by Justin Faulk.
0:30 of 3rd period - Alex Tuch wins face-off versus Joe Pavelski in Oilers zone.
1:16 of 3rd period - Shot by John Tavares.
1:16 of 3rd period - Deflect By Logan Couture.
1:16 of 3rd period - Stopped by Matt Murray without a rebound.
1:17 of 3rd period - John Tavares wins face-off versus Mark Scheifele in Islanders zone.
1:22 of 3rd period - Shot by Ryan Pulock.
1:22 of 3rd period - Stopped by Matt Murray with a rebound.
2:04 of 3rd period - Shot by Duncan Keith.
2:04 of 3rd period - Stopped by Connor Hellebuyck without a rebound.
2:05 of 3rd period - Joe Pavelski wins face-off versus Milan Lucic in Oilers zone.
2:05 of 3rd period - Joe Pavelski is hit by Nicolas Aube-Kubel.
2:45 of 3rd period - Shot by Nicolas Aube-Kubel.
2:45 of 3rd period - Stopped by Connor Hellebuyck without a rebound.
2:46 of 3rd period - Christian Dvorak wins face-off versus Mark Scheifele in Oilers zone.
2:46 of 3rd period - Tomas Tatar is hit by J.T. Miller.
2:58 of 3rd period - Shot by Christian Dvorak.
2:58 of 3rd period - Goal by Christian Dvorak - Oilers : 1 - Islanders : 1.
2:59 of 3rd period - Charlie Coyle wins face-off versus John Tavares in neutral zone.
3:06 of 3rd period - Icing by Mark Giordano.
3:07 of 3rd period - John Tavares wins face-off versus Mark Scheifele in Oilers zone.
3:20 of 3rd period - Shot by John Tavares.
3:20 of 3rd period - Shot Blocked by Rasmus Ristolainen.
3:22 of 3rd period - Shot by Mark Giordano.
3:22 of 3rd period - Stopped by Matt Murray without a rebound.
3:23 of 3rd period - Charlie Coyle wins face-off versus Joe Pavelski in Islanders zone.
5:24 of 3rd period - Shot by Christian Dvorak.
5:24 of 3rd period - Shot Misses the Net.
5:26 of 3rd period - Shot by Mike Reilly.
5:26 of 3rd period - Shot Misses the Net.
5:28 of 3rd period - Shot by Mike Reilly.
5:28 of 3rd period - Shot Misses the Net.
5:40 of 3rd period - Shot by Christian Dvorak.
5:40 of 3rd period - Stopped by Matt Murray without a rebound.
5:41 of 3rd period - Sammy Blais wins face-off versus Joe Pavelski in Islanders zone.
5:41 of 3rd period - Sammy Blais is hit by Kevin Hayes.
5:49 of 3rd period - Shot by Alexandre Texier.
5:49 of 3rd period - Shot Misses the Net.
6:04 of 3rd period - Icing by Joe Pavelski.
6:05 of 3rd period - Mark Scheifele wins face-off versus Joe Pavelski in Oilers zone.
6:14 of 3rd period - Shot by Kevin Hayes.
6:14 of 3rd period - Stopped by Matt Murray without a rebound.
6:15 of 3rd period - Christian Dvorak wins face-off versus Mark Scheifele in Islanders zone.
6:15 of 3rd period - Robby Fabbri is hit by Rasmus Dahlin.
6:21 of 3rd period - Shot by Robby Fabbri.
6:21 of 3rd period - Stopped by Matt Murray with a rebound.
6:23 of 3rd period - Shot by Ryan Pulock.
6:23 of 3rd period - Goal by Ryan Pulock - Oilers : 2 - Islanders : 1.
6:24 of 3rd period - Mark Scheifele wins face-off versus John Tavares in neutral zone.
7:09 of 3rd period - Icing by Mark Giordano.
7:10 of 3rd period - John Tavares wins face-off versus Dylan Strome in Oilers zone.
7:10 of 3rd period - John Tavares is hit by Sammy Blais.
7:35 of 3rd period - Mark Giordano is hit by Sammy Blais.
8:41 of 3rd period - Shot by Christian Dvorak.
8:41 of 3rd period - Stopped by Matt Murray with a rebound.
8:45 of 3rd period - Shot by Christian Dvorak.
8:45 of 3rd period - Stopped by Matt Murray without a rebound.
8:46 of 3rd period - Mark Scheifele wins face-off versus Joe Pavelski in Islanders zone.
9:01 of 3rd period - Shot by Alex Iafallo.
9:01 of 3rd period - Stopped by Matt Murray without a rebound.
9:02 of 3rd period - Charlie Coyle wins face-off versus Casey Cizikas in Islanders zone.
9:19 of 3rd period - Shot by Lawson Crouse.
9:19 of 3rd period - Goal by Lawson Crouse - Oilers : 2 - Islanders : 2.
9:20 of 3rd period - Mark Scheifele wins face-off versus Joe Pavelski in neutral zone.
9:29 of 3rd period - Shot by Alex Tuch.
9:29 of 3rd period - Stopped by Connor Hellebuyck without a rebound.
9:30 of 3rd period - Mark Scheifele wins face-off versus Christian Dvorak in Oilers zone.
9:38 of 3rd period - Icing by Tomas Tatar.
9:39 of 3rd period - Mark Scheifele wins face-off versus Christian Dvorak in Oilers zone.
9:45 of 3rd period - Christian Dvorak is hit by Rasmus Ristolainen and loses puck.
9:57 of 3rd period - Christian Dvorak is hit by Rasmus Ristolainen and loses puck.
10:22 of 3rd period - Shot by Tomas Tatar.
10:22 of 3rd period - Stopped by Matt Murray with a rebound.
10:52 of 3rd period - Icing by Mark Giordano.
10:53 of 3rd period - Dylan Strome wins face-off versus Joe Pavelski in Oilers zone.
11:06 of 3rd period - Shot by Sammy Blais.
11:06 of 3rd period - Shot Misses the Net.
11:22 of 3rd period - Shot by Dylan Strome.
11:22 of 3rd period - Shot Misses the Net.
11:43 of 3rd period - Minor Penalty to Lawson Crouse for Holding.
11:44 of 3rd period - Jesse Puljujarvi wins face-off versus John Tavares in Islanders zone.
12:03 of 3rd period - Shot by Keith Yandle.
12:03 of 3rd period - Shot Hit the Post.
13:22 of 3rd period - Shot by Mark Scheifele.
13:22 of 3rd period - Stopped by Connor Hellebuyck without a rebound.
13:23 of 3rd period - Mark Scheifele wins face-off versus Devin Shore in Oilers zone.
13:58 of 3rd period - Shot by Tyler Motte.
13:58 of 3rd period - Shot Misses the Net.
14:00 of 3rd period - Shot by Tyler Motte.
14:00 of 3rd period - Shot Blocked by Duncan Keith.
14:12 of 3rd period - Shot by Tyler Motte.
14:12 of 3rd period - Shot Misses the Net.
14:20 of 3rd period - Shot by Casey Cizikas.
14:20 of 3rd period - Deflect By Tyler Motte.
14:20 of 3rd period - Stopped by Matt Murray without a rebound.
14:21 of 3rd period - Charlie Coyle wins face-off versus Christian Dvorak in Islanders zone.
14:43 of 3rd period - Shot by Robby Fabbri.
14:43 of 3rd period - Shot Blocked by Rasmus Ristolainen.
14:45 of 3rd period - Shot by Mark Giordano.
14:45 of 3rd period - Shot Hit the Post.
14:50 of 3rd period - Minor Penalty to Rasmus Dahlin for Holding.
14:51 of 3rd period - Mark Scheifele wins face-off versus John Tavares in Islanders zone.
15:06 of 3rd period - Shot by Justin Faulk.
15:06 of 3rd period - Shot Misses the Net.
15:23 of 3rd period - Shot by John Tavares.
15:23 of 3rd period - Shot Misses the Net.
15:33 of 3rd period - Shot by Alex Tuch.
15:33 of 3rd period - Stopped by Connor Hellebuyck without a rebound.
15:34 of 3rd period - Joe Pavelski wins face-off versus Alex Tuch in Oilers zone.
16:02 of 3rd period - Shot by Joe Pavelski.
16:02 of 3rd period - Shot Misses the Net.
16:04 of 3rd period - Shot by Kevin Hayes.
16:04 of 3rd period - Stopped by Matt Murray without a rebound.
16:05 of 3rd period - Mark Scheifele wins face-off versus John Tavares in Islanders zone.
16:16 of 3rd period - Shot by John Tavares.
16:16 of 3rd period - Stopped by Matt Murray without a rebound.
16:17 of 3rd period - Joe Pavelski wins face-off versus Mark Scheifele in Islanders zone.
16:18 of 3rd period - Shot by Ryan Pulock.
16:18 of 3rd period - Deflect By Tomas Tatar.
16:18 of 3rd period - Shot Misses the Net.
16:50 of 3rd period - Shot by Joe Pavelski.
16:50 of 3rd period - Deflect By Tyler Motte.
16:50 of 3rd period - Shot Blocked by Noah Dobson.
16:59 of 3rd period - Icing by Casey Cizikas.
17:00 of 3rd period - Johan Larsson wins face-off versus Casey Cizikas in Oilers zone.
17:05 of 3rd period - Shot by Johan Larsson.
17:05 of 3rd period - Shot Misses the Net.
17:50 of 3rd period - Off-side.
17:51 of 3rd period - Mark Scheifele wins face-off versus John Tavares in neutral zone.
17:58 of 3rd period - Shot by J.T. Miller.
17:58 of 3rd period - Deflect By Mark Scheifele.
17:58 of 3rd period - Shot Misses the Net.
18:08 of 3rd period - Shot by Alex Tuch.
18:08 of 3rd period - Shot Blocked by Keith Yandle.
19:05 of 3rd period - Lawson Crouse is hit by Logan Couture and loses puck.
19:39 of 3rd period - Justin Faulk is hit by Sammy Blais and loses puck.
Goals for this period are 2 for Oilers vs 1 for Islanders.
Shots for this period are 15 for Oilers vs 6 for Islanders.

Overtime #1


0:01 of 1st overtime period - John Tavares wins face-off versus Mark Scheifele in neutral zone.
0:08 of 1st overtime period - Shot by Logan Couture.
0:08 of 1st overtime period - Shot Misses the Net.
0:14 of 1st overtime period - Shot by John Tavares.
0:14 of 1st overtime period - Stopped by Matt Murray without a rebound.
0:15 of 1st overtime period - John Tavares wins face-off versus Mark Scheifele in Islanders zone.
0:16 of 1st overtime period - Shot by Logan Couture.
0:16 of 1st overtime period - Stopped by Matt Murray without a rebound.
0:17 of 1st overtime period - John Tavares wins face-off versus Mark Scheifele in Islanders zone.
0:26 of 1st overtime period - Shot by J.T. Miller.
0:26 of 1st overtime period - Stopped by Connor Hellebuyck without a rebound.
0:27 of 1st overtime period - John Tavares wins face-off versus Mark Scheifele in Oilers zone.
0:48 of 1st overtime period - Shot by Logan Couture.
0:48 of 1st overtime period - Shot Misses the Net.
1:06 of 1st overtime period - Shot by J.T. Miller.
1:06 of 1st overtime period - Shot Blocked by Mark Giordano.
1:08 of 1st overtime period - Shot by J.T. Miller.
1:08 of 1st overtime period - Stopped by Connor Hellebuyck without a rebound.
1:09 of 1st overtime period - Alex Tuch wins face-off versus Joe Pavelski in Oilers zone.
1:18 of 1st overtime period - Shot by Alex Tuch.
1:18 of 1st overtime period - Shot Misses the Net.
1:20 of 1st overtime period - Shot by Alex Tuch.
1:20 of 1st overtime period - Stopped by Connor Hellebuyck without a rebound.
1:21 of 1st overtime period - Mark Scheifele wins face-off versus John Tavares in Oilers zone.
1:28 of 1st overtime period - Shot by J.T. Miller.
1:28 of 1st overtime period - Stopped by Connor Hellebuyck without a rebound.
1:29 of 1st overtime period - John Tavares wins face-off versus Mark Scheifele in Oilers zone.
1:36 of 1st overtime period - Shot by John Tavares.
1:36 of 1st overtime period - Stopped by Matt Murray with a rebound.
1:46 of 1st overtime period - Shot by Mark Scheifele.
1:46 of 1st overtime period - Stopped by Connor Hellebuyck without a rebound.
1:47 of 1st overtime period - Mark Scheifele wins face-off versus Joe Pavelski in Oilers zone.
1:55 of 1st overtime period - Shot by Kevin Hayes.
1:55 of 1st overtime period - Deflect By Joe Pavelski.
1:55 of 1st overtime period - Shot Misses the Net.
2:07 of 1st overtime period - Shot by Kevin Hayes.
2:07 of 1st overtime period - Shot Misses the Net.
2:09 of 1st overtime period - Shot by Mark Giordano.
2:09 of 1st overtime period - Deflect By Joe Pavelski.
2:09 of 1st overtime period - Shot Misses the Net.
2:13 of 1st overtime period - Shot by Kevin Hayes.
2:13 of 1st overtime period - Goal by Kevin Hayes - Oilers : 3 - Islanders : 2.
Goals for this period are 1 for Oilers vs 0 for Islanders.
Shots for this period are 4 for Oilers vs 5 for Islanders.